PBL
NEW JERSEY DEVILS @ BROCKTON ROX
09/01/2048
 
TOP OF THE 1ST
New Jersey Devils batting - Pitching for Brockton Rox : RHP Nate Rollyson
Pitching: RHP Nate Rollyson
Batting: LHB Randolph Brodbeck 0-0: Fly out, F7 (Line Drive, 7LM, EV 90.6 MPH)
Batting: RHB Sergio Andrada 0-0: Ball
1-0: Fly out, F8 (Flyball, 8RXD, EV 83.8 MPH)
Batting: RHB Warren Carmichael 0-0: Ball
1-0: Foul Ball, location: 2F
1-1: Ball
2-1: Called Strike
2-2: SINGLE (Flyball, 3D, EV 93.8 MPH)
Batting: RHB Jacob Olander 0-0: Foul Ball, location: 2F
0-1: Ball
1-1: Ball
2-1: Called Strike
2-2: Strikes out swinging
Top of the 1st over - 0 runs, 1 hit, 0 errors, 1 left on base; New Jersey 0 - Brockton 0
BOTTOM OF THE 1ST
Brockton Rox batting - Pitching for New Jersey Devils : RHP Mark Johnson
Pitching: RHP Mark Johnson
Batting: RHB Bob Reichley 0-0: Fly out, F9 (Line Drive, 9D, EV 91.9 MPH)
Batting: LHB Kenny Jackson 0-0: Ball
1-0: Foul Ball, location: 2F
1-1: Ball
2-1: Foul Ball, location: 2F
2-2: Ball
3-2: Foul Ball, location: 2F
3-2: Base on Balls
Batting: RHB Matt Walker 0-0: Ball
1-0: Called Strike
1-1: Fly out, F8 (Flyball, 8LD, EV 93.1 MPH)
Batting: LHB Eric Gaugler 0-0: Ball
1-0: SINGLE (Flyball, 4MD, EV 88.1 MPH)
Kenny Jackson to second
Batting: RHB Ryan Davis 0-0: Ball
1-0: Swinging Strike
1-1: Called Strike
Passed Ball!
Kenny Jackson to third
Eric Gaugler to second
1-2: Strikes out swinging
Bottom of the 1st over - 0 runs, 1 hit, 0 errors, 2 left on base; New Jersey 0 - Brockton 0
TOP OF THE 2ND
New Jersey Devils batting - Pitching for Brockton Rox : RHP Nate Rollyson
Batting: RHB Craig Alvarado 0-0: Ball
1-0: Ball
2-0: Ball
3-0: Base on Balls
Batting: SHB Ernesto Mazas 0-0: Ball
1-0: Foul Ball, location: 2F
1-1: Ball
2-1: Swinging Strike
2-2: Foul Ball, location: 2F
2-2: Strikes out swinging
Batting: RHB Oscar Ramirez 0-0: Ball
1-0: Foul Ball, location: 2F
1-1: Swinging Strike
1-2: Strikes out looking
Batting: LHB Matt Reynolds 0-0: Called Strike
Craig Alvarado steals 2nd base
0-1: Ball
1-1: Ball
2-1: Fly out, F8 (Flyball, 8RM, EV 78.8 MPH)
Top of the 2nd over - 0 runs, 0 hits, 0 errors, 1 left on base; New Jersey 0 - Brockton 0
BOTTOM OF THE 2ND
Brockton Rox batting - Pitching for New Jersey Devils : RHP Mark Johnson
Batting: SHB Mel Gonzalez 0-0: Called Strike
0-1: Ball
1-1: Foul Ball, location: 2F
1-2: Ball
2-2: Ball
3-2: DOUBLE (Line Drive, 5D, EV 95.0 MPH)
Batting: RHB Jose Blocker 0-0: Ball
1-0: Ball
2-0: Foul Ball, location: 2F
2-1: Ball
3-1: Swinging Strike
3-2: SINGLE (Line Drive, 78S, EV 104.4 MPH)
Mel Gonzalez to third
Batting: LHB Alexis Toxqui 0-0: Ball
Wild Pitch!
Mel Gonzalez scores
Jose Blocker to second
1-0: Ball
2-0: Ground out 4-3 (Groundball, 13, EV 78.1 MPH)
Jose Blocker to third
Batting: LHB Darby Starburster 0-0: Ball
1-0: Ground out 5-3 (Groundball, 56S, EV 85.0 MPH)
Jose Blocker scores
Batting: RHB Bob Reichley 0-0: Swinging Strike
0-1: Ball
1-1: Foul Ball, location: 2F
1-2: Ball
2-2: Strikes out swinging
Bottom of the 2nd over - 2 runs, 2 hits, 0 errors, 0 left on base; New Jersey 0 - Brockton 2
TOP OF THE 3RD
New Jersey Devils batting - Pitching for Brockton Rox : RHP Nate Rollyson
Batting: RHB Brian Jones 0-0: Fly out, F7 (Flyball, 7LS, EV 90.0 MPH)
Batting: LHB Randolph Brodbeck 0-0: Fly out, F8 (Flyball, 8RD, EV 77.5 MPH)
Batting: RHB Sergio Andrada 0-0: Called Strike
0-1: Foul Ball, location: 2F
0-2: Strikes out looking
Top of the 3rd over - 0 runs, 0 hits, 0 errors, 0 left on base; New Jersey 0 - Brockton 2
BOTTOM OF THE 3RD
Brockton Rox batting - Pitching for New Jersey Devils : RHP Mark Johnson
Batting: LHB Kenny Jackson 0-0: Swinging Strike
0-1: Ball
1-1: Foul Ball, location: 2F
1-2: Reached on error, E5 (Groundball, 5, EV 85.6 MPH)
Batting: RHB Matt Walker 0-0: Ground out 1-3 (Groundball, 13, EV 68.8 MPH)
Kenny Jackson to third
Batting: LHB Eric Gaugler 0-0: Foul Ball, location: 2F
0-1: Swinging Strike
0-2: Strikes out looking
Batting: RHB Ryan Davis 0-0: Called Strike
0-1: Ball
1-1: Ball
2-1: Ball
3-1: Base on Balls
Batting: SHB Mel Gonzalez 0-0: Ball
1-0: Foul Ball, location: 2F
1-1: Foul Ball, location: 2F
1-2: Strikes out swinging
Bottom of the 3rd over - 0 runs, 0 hits, 1 error, 2 left on base; New Jersey 0 - Brockton 2
TOP OF THE 4TH
New Jersey Devils batting - Pitching for Brockton Rox : RHP Nate Rollyson
Batting: RHB Warren Carmichael 0-0: Called Strike
0-1: Fly out, F9 (Flyball, 9LD, EV 92.5 MPH)
Batting: RHB Jacob Olander 0-0: Swinging Strike
0-1: Ball
1-1: Ground out 5-3 (Groundball, 56, EV 80.6 MPH)
Batting: RHB Craig Alvarado 0-0: Ground out 4-3 (Groundball, 4MD, EV 88.1 MPH)
Top of the 4th over - 0 runs, 0 hits, 0 errors, 0 left on base; New Jersey 0 - Brockton 2
BOTTOM OF THE 4TH
Brockton Rox batting - Pitching for New Jersey Devils : RHP Mark Johnson
Batting: RHB Jose Blocker 0-0: Ground out 6-3 (Groundball, 56, EV 80.6 MPH)
Batting: LHB Alexis Toxqui 0-0: Ball
1-0: Called Strike
1-1: Ball
2-1: Swinging Strike
2-2: Ball
3-2: Foul Ball, location: 2F
3-2: Fly out, F7 (Line Drive, 7S, EV 97.5 MPH)
Batting: LHB Darby Starburster 0-0: Ground out 6-3 (Groundball, 56, EV 101.9 MPH)
Bottom of the 4th over - 0 runs, 0 hits, 0 errors, 0 left on base; New Jersey 0 - Brockton 2
TOP OF THE 5TH
New Jersey Devils batting - Pitching for Brockton Rox : RHP Nate Rollyson
Batting: SHB Ernesto Mazas 0-0: Called Strike
0-1: Called Strike
0-2: Strikes out swinging
Batting: RHB Oscar Ramirez 0-0: Ground out 1-3 (Groundball, 13, EV 69.4 MPH)
Batting: LHB Matt Reynolds 0-0: Ball
1-0: Ball
2-0: Ball
3-0: Called Strike
3-1: Base on Balls
Batting: RHB Brian Jones 0-0: Fielders Choice at 2nd, 5-4 (Groundball, 56, EV 111.9 MPH)
Top of the 5th over - 0 runs, 0 hits, 0 errors, 1 left on base; New Jersey 0 - Brockton 2
BOTTOM OF THE 5TH
Brockton Rox batting - Pitching for New Jersey Devils : RHP Mark Johnson
Batting: RHB Bob Reichley 0-0: Ground out U3 (Groundball, 3, EV 80.0 MPH)
Batting: LHB Kenny Jackson 0-0: Ball
1-0: Called Strike
1-1: Ball
2-1: Foul Ball, location: 2F
2-2: Foul Ball, location: 2F
2-2: Strikes out swinging
Batting: RHB Matt Walker 0-0: Called Strike
0-1: Ball
1-1: SINGLE (Line Drive, 89S, EV 105.0 MPH)
Batting: LHB Eric Gaugler 0-0: Ball
1-0: Called Strike
1-1: Ball
2-1: Ball
3-1: Swinging Strike
3-2: Foul Ball, location: 2F
3-2: Fly out, F9 (Flyball, 9, EV 81.9 MPH)
Bottom of the 5th over - 0 runs, 1 hit, 0 errors, 1 left on base; New Jersey 0 - Brockton 2
TOP OF THE 6TH
New Jersey Devils batting - Pitching for Brockton Rox : RHP Nate Rollyson
Batting: LHB Randolph Brodbeck 0-0: Called Strike
0-1: Swinging Strike
0-2: Strikes out swinging
Batting: RHB Sergio Andrada 0-0: Called Strike
0-1: Ball
1-1: SINGLE (Groundball, 56D, EV 100.6 MPH)
Batting: RHB Warren Carmichael 0-0: Called Strike
0-1: Grounds into double play, 4-6-3 (Groundball, 4, EV 86.2 MPH)
Top of the 6th over - 0 runs, 1 hit, 0 errors, 0 left on base; New Jersey 0 - Brockton 2
BOTTOM OF THE 6TH
Brockton Rox batting - Pitching for New Jersey Devils : RHP Mark Johnson
Batting: RHB Ryan Davis 0-0: Ball
1-0: Foul Ball, location: 2F
1-1: Ball
2-1: Fly out, F8 (Flyball, 8LD, EV 91.9 MPH)
Batting: SHB Mel Gonzalez 0-0: Ball
1-0: Foul Ball, location: 2F
1-1: Foul Ball, location: 2F
1-2: Strikes out swinging
Batting: RHB Jose Blocker 0-0: Ball
1-0: Foul Ball, location: 2F
1-1: Swinging Strike
1-2: Foul Ball, location: 2F
1-2: Ball
2-2: Ball
3-2: Foul Ball, location: 2F
3-2: Strikes out swinging
Bottom of the 6th over - 0 runs, 0 hits, 0 errors, 0 left on base; New Jersey 0 - Brockton 2
TOP OF THE 7TH
New Jersey Devils batting - Pitching for Brockton Rox : RHP Nate Rollyson
Batting: RHB Jacob Olander 0-0: Ball
1-0: Called Strike
1-1: Ground out 4-3 (Groundball, 4, EV 91.9 MPH)
Batting: RHB Craig Alvarado 0-0: Called Strike
0-1: Swinging Strike
0-2: Ball
1-2: Strikes out swinging
Batting: SHB Ernesto Mazas 0-0: Ball
1-0: Ball
2-0: Ball
3-0: Base on Balls
Batting: RHB Oscar Ramirez 0-0: Called Strike
0-1: Foul Ball, location: 2F
0-2: Foul Ball, location: 2F
0-2: Strikes out swinging
Top of the 7th over - 0 runs, 0 hits, 0 errors, 1 left on base; New Jersey 0 - Brockton 2
BOTTOM OF THE 7TH
Brockton Rox batting - Pitching for New Jersey Devils : RHP Mark Johnson
Batting: LHB Alexis Toxqui 0-0: Ball
1-0: Ball
2-0: Fly out, F8 (Flyball, 8LXD, EV 96.9 MPH)
Batting: LHB Darby Starburster 0-0: Swinging Strike
0-1: Ground out 6-3 (Groundball, 6, EV 80.6 MPH)
Batting: RHB Bob Reichley 0-0: Called Strike
0-1: Swinging Strike
0-2: Strikes out looking
Bottom of the 7th over - 0 runs, 0 hits, 0 errors, 0 left on base; New Jersey 0 - Brockton 2
TOP OF THE 8TH
New Jersey Devils batting - Pitching for Brockton Rox : RHP Nate Rollyson
Batting: LHB Matt Reynolds 0-0: Ball
1-0: Foul Ball, location: 2F
1-1: Swinging Strike
1-2: Ball
2-2: Strikes out swinging
Pitching: RHP Wu-sheng Zi
Batting: RHB Brian Jones 0-0: Ground out 5-3 (Groundball, 56, EV 105.0 MPH)
Batting: LHB Randolph Brodbeck 0-0: Called Strike
0-1: Ball
1-1: Fly out, F9 (Line Drive, 9LM, EV 100.6 MPH)
Top of the 8th over - 0 runs, 0 hits, 0 errors, 0 left on base; New Jersey 0 - Brockton 2
BOTTOM OF THE 8TH
Brockton Rox batting - Pitching for New Jersey Devils : RHP Mark Johnson
Pitching: LHP Jesus Espitia
Batting: LHB Kenny Jackson 0-0: Called Strike
0-1: Ball
1-1: Foul Ball, location: 2F
1-2: Ball
2-2: Foul Ball, location: 2F
2-2: Ball
3-2: Strikes out swinging
Pitching: RHP Mike Echegoyen
Batting: RHB Matt Walker 0-0: Fly out, F4 (Popup, 4MD, EV 57.5 MPH)
Batting: LHB Eric Gaugler 0-0: Foul Ball, location: 2F
0-1: Foul Ball, location: 2F
0-2: Ball
1-2: Foul Ball, location: 2F
1-2: Ball
2-2: Foul Ball, location: 2F
2-2: Foul Ball, location: 2F
2-2: Foul Ball, location: 2F
2-2: Ball
3-2: Foul Ball, location: 2F
3-2: Base on Balls
Batting: RHB Ryan Davis 0-0: Ball
Eric Gaugler steals 2nd base
1-0: Ball
2-0: Foul Ball, location: 2F
2-1: Fly out, F9 (Flyball, 89D, EV 98.1 MPH)
Bottom of the 8th over - 0 runs, 0 hits, 0 errors, 1 left on base; New Jersey 0 - Brockton 2
TOP OF THE 9TH
New Jersey Devils batting - Pitching for Brockton Rox : RHP Wu-sheng Zi
Pitching: RHP Carlos Salazar
Pinch Hitting: RHB Eric Zylstra 0-0: Ball
1-0: Called Strike
1-1: Foul Ball, location: 2F
1-2: Ball
2-2: Foul Ball, location: 2F
2-2: Foul Ball, location: 2F
2-2: Ball
3-2: Fly out, F9 (Flyball, 9D, EV 97.5 MPH)
Batting: RHB Warren Carmichael 0-0: Ground out 6-3 (Groundball, 6, EV 87.5 MPH)
Batting: RHB Juan Medina 0-0: Called Strike
0-1: Fly out, F9 (Line Drive, 89M, EV 90.0 MPH)
Top of the 9th over - 0 runs, 0 hits, 0 errors, 0 left on base; New Jersey 0 - Brockton 2
Tuesday, March 28th , 2023 - OOTP Baseball 23.10 Build 110